 Dungeon Crawl Stone Soup version 0.29-a0-542-g075992c915 (webtiles) character file.

Game seed: 1860932785859934529

53582 oldriver the Fighter (level 14, -2/129 HPs)
             Began as a Palentonga Delver on June 5, 2022.
             Was the Champion of Okawaru.
             Slain by a yak (4 damage)
             ... on level 6 of the Lair of Beasts.
             The game lasted 00:32:07 (17461 turns).

oldriver the Fighter (Palentonga Delver)           Turns: 17461, Time: 00:32:08

Health: -2/129     AC: 31    Str: 22    XL:     14   Next: 31%
Magic:  0/21       EV: 12    Int: 13    God:    Okawaru [******]
Gold:   1501       SH:  0    Dex:  8    Spells: 13/13 levels left

rFire   . . .      SeeInvis +   a - +4 battleaxe of Fehiatu {vorpal, rPois rCorr Int+3 Dex-4}
rCold   . . .      Faith    .   (shield currently unavailable)
rNeg    . . .      Spirit   +   C - +6 ring mail "Lygguam" {Rampage Fly Dex-5}
rPois   +          Reflect  .   p - +2 hat of the Bear Spirit {Spirit, *Rage Will++}
rElec   .          Harm     .   (no cloak)
rCorr   +          Rampage  +   y - +0 pair of gloves
Will    +++..      Rage     20% S - +0 barding {Stlth+}
Stlth   ++++......              E - amulet of regeneration
HPRegen 1.11/turn               m - +4 ring of evasion
MPRegen 0.17/turn               F - +6 ring of dexterity

@: heroic, finesse-ful, on berserk cooldown, flying, curled up
A: large, rugged brown scales 3, see invisible, deformed body, roll 1, armoured
tail, reflexive curl
a: Rolling Charge, Renounce Religion, Heroism, Finesse, Duel


You were on level 6 of the Lair of Beasts.
You worshipped Okawaru.
Okawaru was exalted by your worship.
You visited 3 branches of the dungeon, and saw 18 of its levels.
You also visited: Gauntlet.

You collected 1501 gold pieces.

Inventory:

Hand Weapons
 a - the +4 battleaxe of Fehiatu (weapon) {vorpal, rPois rCorr Int+3 Dex-4}
   (Okawaru gifted it to you on level 1 of the Lair of Beasts)

   It inflicts extra damage upon your enemies.
   Int:       It affects your intelligence (+3).
   Dex:       It affects your dexterity (-4).
   rPois:     It protects you from poison.
   rCorr:     It protects you from acid and corrosion.
 b - a +3 morningstar of holy wrath
Armour
 p - the +2 hat of the Bear Spirit (worn) {Spirit, *Rage Will++}
   (You found it in a Gauntlet)

   Going berserk makes the wearer tougher, and they're slowed less afterward.
   *Rage:     It berserks you when you make melee attacks (+20% chance).
   Will:      It greatly increases your willpower.
 y - a +0 pair of gloves (worn)
 z - the -1 helmet of Courage {rF+ rC+ rN++ rCorr}
   (You found it in a Gauntlet)

   rF:        It protects you from fire.
   rC:        It protects you from cold.
   rN:        It greatly protects you from negative energy.
   rCorr:     It protects you from acid and corrosion.
 C - the +6 ring mail "Lygguam" (worn) {Rampage Fly Dex-5}
   (You found it on level 10 of the Dungeon)

   Dex:       It affects your dexterity (-5).
   Fly:       It grants you flight.
   Rampage:   It bestows one free step when moving towards enemies.
 S - a +0 barding of stealth (worn)
Jewellery
 j - a ring of flight
 m - a +4 ring of evasion (left hand)
 s - a ring of positive energy
 A - a ring of willpower
 B - a ring of protection from cold
 D - a +4 ring of protection
 E - an amulet of regeneration (around neck)
 F - a +6 ring of dexterity (right hand)
 L - an amulet of reflection
 R - a ring of resist corrosion
Wands
 g - a wand of digging (12)
 i - a wand of flame (31)
 v - a wand of paralysis (6)
 J - a wand of polymorph (6)
 N - a wand of iceblast (5)
Scrolls
 c - 4 scrolls of fog
 d - 3 scrolls of magic mapping
 e - 5 scrolls of fear
 f - 2 scrolls of blinking
 h - 6 scrolls of identify
 n - 14 scrolls of teleportation
 r - a scroll of poison
 t - 2 scrolls of torment
Potions
 k - 7 potions of attraction
 l - 3 potions of magic
 o - 8 potions of brilliance
 q - 3 potions of invisibility
 u - 4 potions of cancellation
 w - 2 potions of lignification
 H - a potion of mutation {unknown}
 I - 2 potions of berserk rage {unknown}
 K - a potion of curing
 M - a potion of haste
 P - a potion of degeneration {unknown}
 Q - a potion of might {unknown}
Miscellaneous
 G - a lightning rod (4/4)


   Skills:
 + Level 14.5(19.5) Fighting
 * Level 13.8(19.9) Axes
 - Level 9.4(17.8) Maces & Flails
 + Level 8.9(13.9) Armour
 - Level 1.5(6.5) Dodging
 - Level 3.3(8.3) Stealth
 - Level 10.0 Invocations


You had 13 spell levels left.
You didn't know any spells.
Your spell library contained the following spells:

 Spells                   Type           Power      Damage    Failure   Level
 Apportation              Tloc           0%         N/A       41%         1
 Sandblast                Erth           0%         2d4       41%         1
 Shock                    Conj/Air       0%         1d3       41%         1
 Sting                    Tmut/Pois      0%         1d3       41%         1
 Passwall                 Tmut/Erth      0%         N/A       54%         2
 Poisonous Vapours        Pois/Air       0%         N/A       54%         2
 Sublimation of Blood     Necr           0%         N/A       54%         2
 Dazzling Flash           Conj/Hex       0%         N/A       78%         3
 Portal Projectile        Hex/Tloc       0%         N/A       78%         3
 Stone Arrow              Conj/Erth      0%         3d7       78%         3
 Swiftness                Air            0%         N/A       78%         3
 Airstrike                Air            0%         N/A       99%         4
 Leda's Liquefaction      Hex/Erth       0%         N/A       99%         4
 Olgreb's Toxic Radiance  Pois           0%         N/A       99%         4
 Passage of Golubria      Tloc           0%         N/A       99%         4
 Petrify                  Tmut/Erth      0%         N/A       99%         4
 Agony                    Necr           0%         N/A       100%        5
 Alistair's Intoxication  Tmut/Pois      0%         N/A       100%        5
 Blade Hands              Tmut           0%         N/A       100%        5
 Irradiate                Conj/Tmut      0%         3d13      100%        5
 Silence                  Hex/Air        0%         N/A       100%        5
 Dragon Form              Tmut           0%         N/A       100%        7
 Lehudib's Crystal Spear  Conj/Erth      0%         10d2      100%        8
 Summon Small Mammal      Summ           Unusable   N/A       N/A         1
 Call Canine Familiar     Summ           Unusable   N/A       N/A         3
 Summon Lightning Spire   Summ/Air       Unusable   N/A       N/A         4
 Summon Mana Viper        Hex/Summ       Unusable   N/A       N/A         5

Dungeon Overview and Level Annotations

Branches:
Dungeon (11/15)            Temple (1/1) D:5            Lair (6/6) D:11
 Shoals (0/4) Lair:3       Spider (0/4) Lair:2        Slime (0/5) Lair:5
    Orc (0/2) D:9         Gauntlet (visited)

Altars:
Elyvilon
Kikubaaqudgha
Okawaru
Ru
Sif Muna
Trog
Uskayaw
Vehumet
Wu Jian
Yredelemnul

Shops:
D:10 *

Annotations:
D:7 3 runed translucent doors, bande's ghost, novice GrFi; bulbasaur's ghost, novice DEFE
D:8 happo123's ghost, novice KoEn


Innate Abilities, Weirdness & Mutations

You are completely covered in rugged brown scales. (AC +3, +7% HP)
You have supernaturally acute eyesight. (SInv)
Armour fits poorly on your strangely shaped body.
You can roll at nearby foes to attack.
You have a long armoured tail.
You curl defensively after being hit. (AC +7*)


Message History

You can now deal lightning-fast blows.
The death yak gores you!
* * * LOW HITPOINT WARNING * * *
Unknown command.
You are too injured to fight recklessly!
You feel much better.
The death yak gores you but does no damage.
The yak closely misses you. The death yak gores you!!
* * * LOW HITPOINT WARNING * * *
Unknown command.
You slash the death yak!
You tail-slap the death yak, but do no damage.
The death yak is moderately wounded.
You slash the death yak! You slash the yak!
You kill the yak!
Okawaru accepts your kill. The death yak misses you.
The death yak gores you but does no damage.
As you read the scroll of fear, it crumbles to dust.
You assume a fearsome visage.
The yak resists with some effort.
The yak looks frightened!
The death yak resists with almost no effort.
The yak looks frightened!
The death yak easily resists.
The yak looks frightened!
You feel yourself speed up. The death yak gores you.
* * * LOW HITPOINT WARNING * * *
The yak closely misses you. The death yak closely misses you.
The yak attacks as you move away! The yak misses you.
Cornered, the yak turns to fight!
The death yak gores you!
* * * LOW HITPOINT WARNING * * *
Blink to where?
Press: ? - help, Dir - move target, f - you
Okay, then.
The air fills with toxic fumes!
As you read the scroll of poison, it crumbles to dust.
The death yak gores you!!
* * * LOW HITPOINT WARNING * * *
The yak gores you.
You die...

###### ##...#.†....#
#....# ##...###.....#
##...####...##
##...P# #....##...###
###..### ##......###
##§§.## #..##.††##
##§§### #######..##
#§§§## ### ##..#
##§§§# ##.###
##.###§§@## ##
##....####§§§§§§YY##
..##
#......##§§§§P###Y§##
Y...# #......#§§P###
##Y§##.Y...#
#..##...§§##
#.§§§.8.8..
#...###.###
###Y8§...8.
##...###### ..§§8....
##...###PP#
.P.§8§.... ##......#
####....###


You could see 2 death yaks and 3 yaks.

Vanquished Creatures
  A minotaur (Gauntlet)
  An entropy weaver (Gauntlet)
  Snorg (D:11)
  6 hydras
  3 catoblepae
  Erica (D:9)
  A two-headed ogre (D:9)
  14 death yaks
  Sonja (Lair:1)
  A necromancer (Lair:2)
  3 oklob plants
  2 manticores (Lair:6)
  12 elephants
  A centaur zombie (D:10)
  A spectral centaur (Gauntlet)
  6 black mambas
  2 minotaur zombies (Gauntlet)
  13 cane toads
  A smoke demon (Gauntlet)
  An unseen horror zombie (D:10)
  6 komodo dragons
  2 rime drakes
  A kobold demonologist (D:10)
  2 trolls
  12 blink frogs
  Prince Ribbit (D:6)
  7 jumping spiders
  4 culicivoras (Lair:2)
  34 yaks
  Sigmund (D:6)
  2 wyverns (Lair:3)
  A wraith (D:11)
  Grum (D:9)
  2 basilisks
  3 redbacks
  An unseen horror simulacrum (D:8)
  Menkaure (D:6)
  2 steam dragons
  Edmund (D:6)
  11 water moccasins
  4 sky beasts
  4 orc warriors
  3 ice beasts
  A black bear (D:6)
  An ogre (D:5)
  14 wolves
  A phantom (D:6)
  4 centaurs
  12 bullfrogs
  3 kobold brigands
  5 necrophages
  3 gnoll sergeants
  3 scorpions
  A hornet simulacrum (D:8)
  10 wights
  3 killer bees (D:9)
  3 electric eels
  5 howler monkeys
  2 crimson imps (Gauntlet)
  A wyvern simulacrum (D:8)
  8 hounds
  4 orc priests (D:7)
  A gnoll shaman (D:10)
  5 iguanas
  Natasha (thrice) (D:2)
  2 orc wizards
  3 yak simulacra (Lair:2)
  4 polar bear simulacra (Lair:2)
  3 wolf simulacra (Lair:2)
  A centaur simulacrum (D:8)
  3 mummies (D:10)
  A howler monkey zombie (D:10)
  8 adders
  24 gnolls
  6 river rats (D:5)
  5 white imps
  2 worms
  2 dart slugs
  33 orcs
  11 bats
  4 endoplasms
  2 giant cockroaches (D:1)
  8 goblins
  4 hobgoblins
  3 jackals (D:2)
  9 quokkas
  10 ball pythons
  5 frilled lizards
  19 kobolds
  20 rats
  A river rat simulacrum (Lair:2)
464 creatures vanquished.

Vanquished Creatures (others)
  A bush (D:7)
  23 fungi
  25 plants
  6 withered plants (D:7)
55 creatures vanquished.

Grand Total: 519 creatures vanquished

Notes
Turn   | Place    | Note
-------+----------+-------------------------------------------
     0 | D:5      | oldriver the Palentonga Delver began the quest for the Orb.
     0 | D:5      | Reached XP level 1. HP: 19/19 MP: 1/1
    49 | D:4      | Reached XP level 2. HP: 23/25 MP: 2/2
   168 | D:2      | Noticed Natasha
   171 | D:2      | Noticed a crimson imp
   177 | D:2      | Killed Natasha
   178 | D:2      | Reached XP level 3. HP: 16/32 MP: 3/3
   207 | D:2      | Noticed Natasha
   227 | D:2      | Killed Natasha
   228 | D:2      | Reached skill level 4 in Fighting
   462 | D:1      | Reached XP level 4. HP: 32/39 MP: 4/4
   788 | D:1      | Found a faded altar of an unknown god.
  1334 | D:2      | Noticed Natasha
  1368 | D:2      | Killed Natasha
  1435 | D:2      | Reached XP level 5. HP: 35/46 MP: 5/5
  1582 | D:4      | Reached skill level 5 in Fighting
  1905 | D:2      | You fall into a shaft and drop 2 floors!
  1977 | D:4      | Reached XP level 6. HP: 44/54 MP: 6/6
  3203 | D:5      | Reached skill level 5 in Axes
  3699 | D:5      | Noticed a water moccasin
  3736 | D:5      | HP: 2/55 [water moccasin (4)]
  3748 | D:5      | Killed a water moccasin
  3749 | D:5      | Reached skill level 6 in Fighting
  3749 | D:5      | Reached skill level 1 in Maces & Flails
  3749 | D:5      | Gained mutation: You curl defensively after being hit. (AC
                  | +7*) [Palentonga growth]
  3749 | D:5      | Reached XP level 7. HP: 23/62 MP: 7/7
  3753 | D:5      | Found a staircase to the Ecumenical Temple.
  3758 | Temple   | Entered the Ecumenical Temple
  3980 | Temple   | Became a worshipper of Warmaster Okawaru
  4569 | D:6      | Reached skill level 7 in Fighting
  4783 | D:6      | Noticed Sigmund
  4788 | D:6      | Reached skill level 9 in Fighting
  4788 | D:6      | Reached XP level 8. HP: 75/75 MP: 7/12
  4793 | D:6      | Killed Sigmund
  4793 | D:6      | Reached * piety under Okawaru
  4794 | D:6      | Reached XP level 9. HP: 82/82 MP: 7/13
  4864 | D:6      | Noticed Menkaure
  4866 | D:6      | Killed Menkaure
  4964 | D:6      | Reached skill level 5 in Armour
  5023 | D:6      | Noticed Prince Ribbit
  5023 | D:6      | Noticed Edmund
  5038 | D:6      | Killed Edmund
  5054 | D:6      | Killed Prince Ribbit
  5762 | D:6      | Reached ** piety under Okawaru
  6187 | D:7      | Reached skill level 10 in Fighting
  6190 | D:7      | Reached skill level 5 in Maces & Flails
  6868 | D:7      | Found a runed translucent gate.
  7013 | D:7      | Reached XP level 10. HP: 71/92 MP: 15/15
  7329 | D:7      | Found a runed translucent gate.
  7330 | D:7      | Found a runed translucent gate.
  7330 | D:7      | Noticed bulbasaur's ghost (novice DEFE)
  7330 | D:7      | Noticed bande's ghost (novice GrFi)
  7455 | D:8      | Noticed happo123's ghost (novice KoEn)
  7900 | D:8      | Reached *** piety under Okawaru
  8328 | D:8      | Found a runed translucent gate.
  8328 | D:8      | Found a runed translucent gate.
  8328 | D:8      | Found a runed translucent gate.
  8491 | D:8      | Found an ancient bone altar of Kikubaaqudgha.
  8875 | D:9      | Noticed a two-headed ogre
  9472 | D:9      | Reached skill level 11 in Fighting
  9519 | D:9      | Found a staircase to the Orcish Mines.
  9650 | D:9      | Killed a two-headed ogre
  9785 | D:9      | Noticed Grum
  9807 | D:9      | Killed Grum
  9807 | D:9      | Reached **** piety under Okawaru
  9959 | D:9      | Noticed Erica
  9966 | D:9      | Killed Erica
  9966 | D:9      | Received a gift from Okawaru
 10258 | D:10     | Entered Level 10 of the Dungeon
 10271 | D:10     | Reached XP level 11. HP: 88/100 MP: 16/16
 10328 | D:10     | Identified the +6 ring mail "Lygguam" {Rampage Fly Dex-5}
 10685 | D:10     | Reached skill level 12 in Fighting
 10769 | D:10     | Found Ozxi's Assorted Antiques.
 11188 | D:11     | Noticed Snorg
 11195 | D:11     | Killed Snorg
 11402 | D:11     | Reached ***** piety under Okawaru
 11429 | D:11     | Found a staircase to the Lair.
 11461 | D:11     | Noticed a boulder beetle
 11474 | Lair:1   | Entered Level 1 of the Lair of Beasts
 11529 | Lair:1   | Noticed Sonja
 11532 | Lair:1   | Killed Sonja
 11532 | Lair:1   | Identified the +4 battleaxe of Fehiatu {vorpal, rPois rCorr
                  | Int+3 Dex-4} (Okawaru gifted it to you on level 1 of the
                  | Lair of Beasts)
 11532 | Lair:1   | Received a gift from Okawaru
 11598 | Lair:1   | Found a gate leading to a gauntlet.
 11608 | Gauntlet | Entered a Gauntlet
 11608 | Gauntlet | Noticed a tengu warrior
 11608 | Gauntlet | Found a runed translucent door.
 11608 | Gauntlet | Found a transporter.
 11608 | Gauntlet | Found a runed translucent door.
 11608 | Gauntlet | Found a transporter.
 11613 | Gauntlet | Found a runed translucent door.
 11614 | Gauntlet | Found a transporter.
 11616 | Gauntlet | Found a runed translucent door.
 11627 | Gauntlet | Found a transporter.
 11645 | Gauntlet | Found a transporter.
 11645 | Gauntlet | Found a transporter.
 11645 | Gauntlet | Found a transporter.
 11648 | Gauntlet | Found a transporter.
 11648 | Gauntlet | Found a transporter.
 11649 | Gauntlet | Noticed a necromancer
 11649 | Gauntlet | Noticed a death yak
 11650 | Gauntlet | Noticed a death yak
 11650 | Gauntlet | Noticed a death yak
 11671 | Gauntlet | Found a transporter.
 11678 | Gauntlet | Found a transporter.
 11683 | Gauntlet | Noticed a reaper
 11687 | Gauntlet | Noticed an entropy weaver
 11688 | Gauntlet | Found a transporter.
 11703 | Gauntlet | Found a transporter.
 11723 | Gauntlet | Found a transporter.
 11723 | Gauntlet | Noticed a death drake
 11970 | Gauntlet | Identified the -1 helmet of Courage {rF+ rC+ rN++ rCorr}
 11980 | Gauntlet | HP: 2/102 [entropy weaver (9)]
 11983 | Arena    | Entered the Arena
 12008 | Gauntlet | Killed an entropy weaver
 12077 | Gauntlet | Noticed a minotaur
 12085 | Gauntlet | Killed a minotaur
 12122 | Gauntlet | Found the +2 hat of the Bear Spirit {Spirit, *Rage Will++}
 12127 | Gauntlet | Got the Incunabulum of Air and Illusion
 12370 | Lair:1   | Noticed a five-headed hydra
 12379 | Lair:1   | Killed a five-headed hydra
 12380 | Lair:1   | Reached XP level 12. HP: 89/110 MP: 12/17
 12839 | Lair:2   | Noticed a death yak
 12839 | Lair:2   | Noticed a death yak
 12839 | Lair:2   | Noticed a death yak
 12839 | Lair:2   | Noticed a death yak
 12843 | Lair:2   | Killed a death yak
 12849 | Lair:2   | Killed a death yak
 12850 | Lair:2   | Killed a death yak
 12852 | Lair:2   | Killed a death yak
 13247 | Lair:2   | Found a hole to the Spider Nest.
 13271 | Lair:2   | Reached skill level 10 in Axes
 13457 | Lair:2   | Identified the +1 plate armour "Gudoptigh" {rC+ rCorr}
                  | (Okawaru gifted it to you on level 2 of the Lair of Beasts)
 13457 | Lair:2   | Received a gift from Okawaru
 13537 | Lair:2   | Reached skill level 13 in Fighting
 14020 | Lair:3   | Reached ****** piety under Okawaru
 14199 | Lair:3   | Found a staircase to the Shoals.
 14239 | Lair:3   | Noticed a six-headed hydra
 14246 | Lair:3   | Killed a seven-headed hydra
 14314 | Lair:3   | Noticed an eight-headed hydra
 14463 | Lair:3   | Killed an eight-headed hydra
 14916 | Lair:4   | Reached XP level 13. HP: 46/118 MP: 12/19
 15712 | Lair:5   | Received a gift from Okawaru
 15852 | Lair:5   | Found a staircase to the Slime Pits.
 15991 | Lair:5   | Reached skill level 10 in Invocations
 16467 | Lair:5   | Identified the +1 hat of Forking Paths {Str+4 SInv}
                  | (Okawaru gifted it to you on level 5 of the Lair of Beasts)
 16467 | Lair:5   | Received a gift from Okawaru
 16710 | Lair:6   | Entered Level 6 of the Lair of Beasts
 16886 | Lair:5   | Reached skill level 14 in Fighting
 16983 | Lair:6   | Identified the +1 leather armour of Fashionability {rF+}
 17129 | Lair:6   | Reached XP level 14. HP: 128/128 MP: 19/21
 17138 | Lair:6   | Received a gift from Okawaru
 17461 | Lair:6   | HP: 2/129 [death yak (17)]
 17461 | Lair:6   | Slain by a yak

Illustrated notes

Levels and vault maps discovered:
D:1:      dpeg_arrival_tiny_c, layout_rooms,
          shapermc_ecumenical_altar_mp_urbaneastern, minmay_statues_item
D:2:      layout_basic, kennysheep_big_empty_room, uniq_natasha
D:3:      layout_basic
D:4:      layout_rooms
D:5:      lemuel_ratsnest, layout_loops_cross, temple_hall
D:6:      layout_loops_ring, minmay_joined_circles, uniq_menkaure,
          uniq_prince_ribbit1, uniq_sigmund, uniq_edmund
D:7:      layout_cave_pools, gammafunk_ghost_cemetery, kb_lookout_dungeons_type,
          grunt_decor_resistance
D:8:      layout_rooms, nicolae_kikubaaqudgha_miasma_corner, gammafunk_ghost_icy
D:9:      layout_irregular_city, david_orc_2, kennysheep_diamond, uniq_grum,
          uniq_erica
D:10:     layout_layer_cave, serial_shops, shop, serial_undead, serial_undead_d,
          serial_undead_e, serial_undead_c, serial_undead_a, serial_undead_d,
          serial_undead_f
D:11:     layout_cave_pools, erik_lair_island, uniq_snorg
Temple:   grunt_wide_crystal_templ
Lair:1:   layout_regular_city, gauntlet_entry_generic, uniq_sonja
Lair:2:   layout_loops_ring, nicolae_spider_entry_tight_spaces, minivault_27,
          eino_house_with_fridge
Lair:3:   layout_cave_pods, elwin_shoals_entry_rocks
Lair:4:   layout_roguey, grunt_megastairs_3
Lair:5:   layout_loops_ring, minmay_slime_entry_oklob_open, grunt_megastairs_5
Lair:6:   evilmike_catoblepas_cave, layout_gridlike, evilmike_ambush
          [evilmike_ambush_outer_basic, evilmike_ambush_inner_basic],
          lemuel_fruit_fields

Skill      XL: |  1  2  3  4  5  6  7  8  9 10 11 12 13 |
---------------+----------------------------------------+-----
Axes           | 3 4 5 8 9 11 13 | 13.8
Fighting       | 4 5 6 9 10 11 12 13 14 | 14.5
Maces & Flails | 1 3 5 7 9 |  9.4
Armour         | 4 5 6 7 8 |  8.9
Invocations    | 6 7 9 10 | 10.0
Dodging        | |  1.5
Stealth        | |  3.3

Action                   |  1- 3 |  4- 6 |  7- 9 | 10-12 | 13-15 || total
-------------------------+-------+-------+-------+-------+-------++-------
Melee: Hand axe          |    42 |    69 |       |       |       ||   111
       Tailslap          |     1 |    17 |    31 |    96 |    56 ||   201
       Morningstar       |       |   141 |   258 |   399 |    26 ||   824
       Punch             |       |     2 |     3 |     8 |     1 ||    14
       Battleaxe         |       |       |       |   223 |   271 ||   494
Invok: Heroism           |       |       |       |    10 |     3 ||    13
       Duel              |       |       |       |     1 |       ||     1
       Finesse           |       |       |       |       |     2 ||     2
 Abil: Rolling Charge    |     5 |    40 |    26 |    57 |    21 ||   149
Evoke: Wand              |       |       |       |     2 |       ||     2
  Use: Scroll            |       |    11 |     4 |    10 |     3 ||    28
       Potion            |       |     6 |     3 |     9 |     1 ||    19
 Stab: Paralysed         |       |       |       |     1 |       ||     1
       Distracted        |       |       |       |     1 |       ||     1
Armor: Leather armour    |    14 |    65 |    74 |    64 |       ||   217
       Ring mail         |       |       |       |   453 |   265 ||   718
Dodge: Dodged            |    34 |   138 |   186 |   517 |   227 ||  1102

Table legend: (Time is in decaauts)
 A = Elapsed time spent in this place.
 B = Non-inter-level travel time spent in this place.
 C = Inter-level travel time spent in this place.
 D = Time resting spent in this place.
 E = Time spent auto-exploring this place.
 F = Levels seen in this place.
 G = Mean time per level.
                   A        B        C        D        E       F      G
               +--------+--------+--------+--------+--------+-----+--------+
         Total |  17712 |  17205 |    507 |   4065 |   9327 |  20 |  885.6 |
       Dungeon |  11342 |  11031 |    311 |   3131 |   5535 |  11 | 1031.1 |
        Temple |    219 |    219 |      0 |    207 |      0 |   1 |  219.0 |
          Lair |   5547 |   5351 |    196 |    597 |   3590 |   6 |  924.5 |
      Gauntlet |    580 |    580 |      0 |    114 |    202 |   1 |  580.0 |
         Arena |     22 |     22 |      0 |     14 |      0 |   1 |   22.0 |
               +--------+--------+--------+--------+--------+-----+--------+

Top non-repeatable levels by time:
     D:6: 2076 daAuts
     D:9: 1405 daAuts
     D:7: 1302 daAuts
     D:2: 1247 daAuts
  Lair:5: 1221 daAuts
     D:5: 1142 daAuts
  Lair:2: 1049 daAuts
     D:8: 1031 daAuts
  Lair:3: 986 daAuts
    D:10: 949 daAuts
  Lair:4: 929 daAuts
     D:1: 776 daAuts
  Lair:1: 772 daAuts
     D:4: 613 daAuts
  Lair:6: 588 daAuts
